AoeStats
← polloasadom

Arabia

510165723Analyzed
1v1 RM · 3d ago on Sep 29, 2026· 45m 45s· 2 players
Game mode
Random Map
Map size
Tiny (2 player)
Population
200
Speed
Normal
Resources
Standard
Victory
Conquest
Starting age
Dark Age
Ending age
Imperial Age
RankedLock teamsTeams togetherTeam positionsShared explorationLock speedFull tech treeHidden civsTurbo modeCheats
Victory
Defeat
🇳🇱 Dravidians · Netherlands
1015
+15
🇦🇷 Khmer · Argentina
1003
-15
polloasadom
7:14 Loom
9:51 Feudal Age
12:22 Double-Bit Axe
14:59 Forging
16:09 Horse Collar
21:28 Castle Age
20:09 Fletching
22:59 Bodkin Arrow
23:18 Bow Saw
23:11 Heavy Plow
23:00 Town Watch
24:56 Bloodlines
24:49 Husbandry
24:57 Scale Barding Armor
25:27 Gold Mining
25:29 Stone Mining
25:11 Light Cavalry
31:35 Imperial Age
28:51 Town Watch
30:37 Gold Shaft Mining
31:39 Stone Shaft Mining
32:36 Iron Casting
32:29 Hussar
34:54 Blast Furnace
34:15 Chain Barding Armor
35:15 Heavy Scorpion
37:22 Plate Barding Armor
38:10 Bracer
38:11 Padded Archer Armor
38:44 Crop Rotation
39:40 Conscription
43:46 Ballistics
44:27 Chemistry
45:48 Leather Archer Armor
SpecialeBoterham
10:27 Feudal Age
8:44 Loom
11:30 Horse Collar
11:37 Double-Bit Axe
17:47 Castle Age
19:25 Gold Mining
21:24 Thumb Ring
23:21 Heavy Plow
23:24 Husbandry
24:06 Fletching
26:55 Bow Saw
29:14 Bodkin Arrow
29:22 Padded Archer Armor
31:06 Ballistics
32:44 Leather Archer Armor
36:29 Imperial Age
34:38 Medical Corps
35:54 Wheelbarrow
35:05 Town Watch
36:03 Town Patrol
37:24 Hand Cart
37:29 Bracer
39:30 Chemistry
39:11 Conscription
41:11 Elite Elephant Archer
Connection lost

Rejoining the realm…

Still unreachable

The connection could not be restored.

Session expired

The server has moved on; the page needs a fresh start.